MID
LEXINGTON LEGENDS @ LAKE COUNTY CAPTAINS
09/02/2046
 
TOP OF THE 1ST
Lexington Legends batting - Pitching for Lake County Captains : LHP Darrell Verkaik
Pitching: LHP Darrell Verkaik
Batting: SHB Ryoji Hiraoka 0-0: Swinging Strike
0-1: Foul Ball, location: 2F
0-2: Ball
1-2: Ball
2-2: Ball
3-2: Strikes out swinging
Batting: RHB Doug Carter 0-0: Called Strike
0-1: Foul Ball, location: 2F
0-2: Strikes out looking
Batting: RHB Andy Urquhart 0-0: Ball
1-0: Ball
2-0: Called Strike
2-1: Ball
3-1: Fly out, F8 (Flyball, 8LXD, EV 85.0 MPH)
Top of the 1st over - 0 runs, 0 hits, 0 errors, 0 left on base; Lexington 0 - Lake County 0
BOTTOM OF THE 1ST
Lake County Captains batting - Pitching for Lexington Legends : LHP Tyler Abraham
Pitching: LHP Tyler Abraham
Batting: RHB Willie Gonzales 0-0: Ball
1-0: Foul Ball, location: 2F
1-1: SINGLE (Line Drive, 8RS, EV 92.5 MPH)
Batting: RHB Adrian Martinelli 0-0: Ball
1-0: Fly out, F5 (Line Drive, 5, EV 70.0 MPH)
Batting: RHB Sean Neuroth 0-0: Called Strike
0-1: Ball
1-1: SINGLE (Line Drive, 9S, EV 106.2 MPH)
Willie Gonzales to second
Batting: RHB Harris Leroux 0-0: Grounds into double play, 6-4-3 (Groundball, 6, EV 78.8 MPH)
Bottom of the 1st over - 0 runs, 2 hits, 0 errors, 1 left on base; Lexington 0 - Lake County 0
TOP OF THE 2ND
Lexington Legends batting - Pitching for Lake County Captains : LHP Darrell Verkaik
Batting: LHB Robert Wilkins 0-0: Ball
1-0: Hit by Pitch
Batting: RHB Pete Deschamps 0-0: Called Strike
0-1: Foul Ball, location: 2F
0-2: Strikes out swinging
Batting: RHB Ben Garrett 0-0: Called Strike
0-1: Called Strike
0-2: Ball
1-2: Strikes out swinging
Batting: RHB Nate De Jongh 0-0: Ball
1-0: Foul Ball, location: 2F
1-1: Ball
Passed Ball!
Robert Wilkins to second
2-1: Foul Ball, location: 2F
2-2: Foul Ball, location: 2F
2-2: Strikes out swinging
Top of the 2nd over - 0 runs, 0 hits, 0 errors, 1 left on base; Lexington 0 - Lake County 0
BOTTOM OF THE 2ND
Lake County Captains batting - Pitching for Lexington Legends : LHP Tyler Abraham
Batting: RHB Gary Ming 0-0: Called Strike
0-1: Swinging Strike
0-2: Ball
1-2: Strikes out looking
Batting: RHB Eric Kuck 0-0: Called Strike
0-1: Ball
1-1: Swinging Strike
1-2: Fly out, F9 (Flyball, 9S, EV 91.9 MPH)
Batting: RHB Knud Prins 0-0: Ball
1-0: Ball
2-0: Foul Ball, location: 2F
2-1: Foul Ball, location: 2F
2-2: Foul Ball, location: 2F
2-2: Ball
3-2: Base on Balls
Pitching: LHP Hyoji Kawabata
Batting: RHB Tsega Haida 0-0: Swinging Strike
0-1: Ball
1-1: Ball
2-1: Reached on error, E6 (Groundball, 6, EV 79.4 MPH)
Knud Prins to second
Batting: LHB Justin Rankin 0-0: Ball
1-0: Fly out, F8 (Line Drive, 8LD, EV 89.4 MPH)
Bottom of the 2nd over - 0 runs, 0 hits, 1 error, 2 left on base; Lexington 0 - Lake County 0
TOP OF THE 3RD
Lexington Legends batting - Pitching for Lake County Captains : LHP Darrell Verkaik
Batting: RHB Kunimatsu Oya 0-0: Called Strike
0-1: Foul Ball, location: 2F
0-2: Ball
1-2: Ground out U3 (Groundball, 34, EV 80.6 MPH)
Batting: RHB Eric Erickson 0-0: Ball
1-0: Called Strike
1-1: Fly out, F5 (Popup, 5SF, EV 83.1 MPH)
Batting: SHB Ryoji Hiraoka 0-0: Foul Ball, location: 2F
0-1: Called Strike
0-2: Ball
1-2: Strikes out swinging
Top of the 3rd over - 0 runs, 0 hits, 0 errors, 0 left on base; Lexington 0 - Lake County 0
BOTTOM OF THE 3RD
Lake County Captains batting - Pitching for Lexington Legends : LHP Hyoji Kawabata
Batting: RHB Willie Gonzales 0-0: Ball
1-0: Foul Ball, location: 2F
1-1: SOLO HOME RUN (Flyball, 89XD, EV 106.2 MPH), Distance : 406 ft
Batting: RHB Adrian Martinelli 0-0: Ball
1-0: Ball
2-0: Ball
3-0: Called Strike
3-1: Called Strike
3-2: Base on Balls
Batting: RHB Sean Neuroth 0-0: Swinging Strike
0-1: Grounds into double play, 5-4-3 (Groundball, 5S, EV 88.8 MPH)
Batting: RHB Harris Leroux 0-0: Called Strike
0-1: Ball
1-1: Ball
2-1: SINGLE (Groundball, 56D, EV 103.8 MPH)
Pitching: RHP Howie Seidler
Batting: RHB Gary Ming 0-0: SINGLE (Groundball, 56D, EV 106.9 MPH) (infield hit)
Harris Leroux to second
Batting: RHB Eric Kuck 0-0: Foul Ball, location: 2F
0-1: Called Strike
0-2: Ball
1-2: Foul Ball, location: 2F
1-2: Ball
2-2: Strikes out swinging
Bottom of the 3rd over - 1 run, 3 hits, 0 errors, 2 left on base; Lexington 0 - Lake County 1
TOP OF THE 4TH
Lexington Legends batting - Pitching for Lake County Captains : LHP Darrell Verkaik
Batting: RHB Doug Carter 0-0: SINGLE (Groundball, 4MD, EV 103.1 MPH)
Batting: RHB Andy Urquhart 0-0: Called Strike
Doug Carter is caught stealing 2nd base 2-4
0-1: Ball
1-1: Foul Ball, location: 2F
1-2: Ball
2-2: Strikes out swinging
Batting: LHB Robert Wilkins 0-0: Called Strike
0-1: Swinging Strike
0-2: Ball
1-2: Strikes out swinging
Top of the 4th over - 0 runs, 1 hit, 0 errors, 0 left on base; Lexington 0 - Lake County 1
BOTTOM OF THE 4TH
Lake County Captains batting - Pitching for Lexington Legends : RHP Howie Seidler
Batting: RHB Knud Prins 0-0: Called Strike
0-1: Swinging Strike
0-2: Ball
1-2: Strikes out swinging
Batting: RHB Tsega Haida 0-0: Ball
1-0: Ball
2-0: Ball
3-0: Foul Ball, location: 2F
3-1: Base on Balls
Batting: LHB Justin Rankin 0-0: Ball
Tsega Haida is caught stealing 2nd base 2-6
1-0: Called Strike
1-1: Ball
2-1: Called Strike
2-2: Ball
3-2: Base on Balls
Pitching: RHP Junsuke Abe
Batting: RHB Willie Gonzales 0-0: Ground out 4-3 (Groundball, 34, EV 84.4 MPH)
Bottom of the 4th over - 0 runs, 0 hits, 0 errors, 1 left on base; Lexington 0 - Lake County 1
TOP OF THE 5TH
Lexington Legends batting - Pitching for Lake County Captains : LHP Darrell Verkaik
Batting: RHB Pete Deschamps 0-0: Called Strike
0-1: Swinging Strike
0-2: Foul Ball, location: 2F
0-2: Ball
1-2: Ball
2-2: Foul Ball, location: 2F
2-2: Foul Ball, location: 2F
2-2: SOLO HOME RUN (Flyball, 7D, EV 107.5 MPH), Distance : 420 ft
Batting: RHB Ben Garrett 0-0: Called Strike
0-1: Ball
1-1: Swinging Strike
1-2: Foul Ball, location: 2F
1-2: Strikes out looking
Batting: RHB Nate De Jongh 0-0: Swinging Strike
0-1: Ball
1-1: Ball
2-1: Ground out 4-3 (Groundball, 4, EV 89.4 MPH)
Batting: RHB Kunimatsu Oya 0-0: Ball
1-0: Foul Ball, location: 2F
1-1: Ball
2-1: Ground out 5-3 (Groundball, 56, EV 85.0 MPH)
Top of the 5th over - 1 run, 1 hit, 0 errors, 0 left on base; Lexington 1 - Lake County 1
BOTTOM OF THE 5TH
Lake County Captains batting - Pitching for Lexington Legends : RHP Junsuke Abe
Batting: RHB Adrian Martinelli 0-0: Reached on error, E6 (Groundball, 56, EV 101.9 MPH)
Batting: RHB Sean Neuroth 0-0: SINGLE (Groundball, 34D, EV 103.8 MPH)
Adrian Martinelli to second
Runner from 2nd tries for 3rd, SAFE, throw by RF made to third
Batting: RHB Harris Leroux 0-0: Called Strike
0-1: Foul Ball, location: 2F
0-2: Ball
1-2: DOUBLE (Line Drive, 9LM, EV 87.5 MPH)
Adrian Martinelli scores
Sean Neuroth to third
Batting: RHB Gary Ming 0-0: Ball
1-0: Called Strike
1-1: Swinging Strike
1-2: Ball
2-2: Strikes out swinging
Batting: RHB Eric Kuck 0-0: Called Strike
0-1: Ball
1-1: Ball
2-1: Ball
3-1: SINGLE (Line Drive, 56, EV 95.6 MPH)
Sean Neuroth scores
Harris Leroux to third
Batting: RHB Knud Prins 0-0: Called Strike
0-1: Foul Ball, location: 2F
0-2: DOUBLE (Groundball, 5L, EV 102.5 MPH)
Harris Leroux scores
Eric Kuck to third
Pitching: RHP Joe Adelmann
Batting: RHB Tsega Haida 0-0: Ball
1-0: SINGLE (Groundball, 56S, EV 73.1 MPH) (infield hit)
Eric Kuck scores
Knud Prins to third
Batting: LHB Justin Rankin 0-0: Called Strike
Tsega Haida steals 2nd base
0-1: Ball
1-1: Ball
2-1: Ball
3-1: Base on Balls
Batting: RHB Willie Gonzales 0-0: Foul Ball, location: 2F
0-1: Ball
1-1: Swinging Strike
1-2: Grounds into fielders choice 1-2 (Groundball, P, EV 62.5 MPH)
Tsega Haida to third
Justin Rankin to second
Batting: RHB Adrian Martinelli 0-0: Called Strike
0-1: Ball
1-1: Fly out, F7 (Flyball, 7D, EV 90.0 MPH)
Bottom of the 5th over - 4 runs, 5 hits, 1 error, 3 left on base; Lexington 1 - Lake County 5
TOP OF THE 6TH
Lexington Legends batting - Pitching for Lake County Captains : LHP Darrell Verkaik
Batting: RHB Eric Erickson 0-0: Called Strike
0-1: Swinging Strike
0-2: Ball
1-2: Strikes out swinging
Batting: SHB Ryoji Hiraoka 0-0: Swinging Strike
0-1: Ball
1-1: Ball
2-1: Fly out, F7 (Flyball, 7LDF, EV 104.4 MPH)
Batting: RHB Doug Carter 0-0: Called Strike
0-1: Foul Ball, location: 2F
0-2: Foul Ball, location: 2F
0-2: Strikes out swinging
Top of the 6th over - 0 runs, 0 hits, 0 errors, 0 left on base; Lexington 1 - Lake County 5
BOTTOM OF THE 6TH
Lake County Captains batting - Pitching for Lexington Legends : RHP Joe Adelmann
Batting: RHB Sean Neuroth 0-0: Ball
1-0: Ball
2-0: Ball
3-0: Base on Balls
Batting: RHB Harris Leroux 0-0: Called Strike
0-1: Foul Ball, location: 2F
0-2: Foul Ball, location: 2F
0-2: SINGLE (Line Drive, 7S, EV 102.5 MPH)
Sean Neuroth to second
Batting: RHB Gary Ming 0-0: Called Strike
0-1: Ball
1-1: Ball
2-1: Ball
3-1: Called Strike
3-2: Grounds into double play, 4-6-3 (Groundball, 4, EV 87.5 MPH)
Sean Neuroth to third
Batting: RHB Eric Kuck 0-0: Ball
1-0: Called Strike
1-1: TRIPLE (Flyball, 89XD, EV 104.4 MPH)
Sean Neuroth scores
Batting: RHB Knud Prins 0-0: Ground out 4-3 (Groundball, 4, EV 79.4 MPH)
Bottom of the 6th over - 1 run, 2 hits, 0 errors, 1 left on base; Lexington 1 - Lake County 6
TOP OF THE 7TH
Lexington Legends batting - Pitching for Lake County Captains : LHP Darrell Verkaik
Batting: RHB Andy Urquhart 0-0: Called Strike
0-1: Swinging Strike
0-2: Ball
1-2: Ball
2-2: Foul Ball, location: 2F
2-2: Strikes out swinging
Batting: LHB Robert Wilkins 0-0: Foul Ball, location: 2F
0-1: Ball
1-1: Swinging Strike
1-2: Strikes out swinging
Batting: RHB Pete Deschamps 0-0: Foul Ball, location: 2F
0-1: Called Strike
0-2: Ball
1-2: Foul Ball, location: 2F
1-2: Foul Ball, location: 2F
1-2: Foul Ball, location: 2F
1-2: Strikes out swinging
Top of the 7th over - 0 runs, 0 hits, 0 errors, 0 left on base; Lexington 1 - Lake County 6
BOTTOM OF THE 7TH
Lake County Captains batting - Pitching for Lexington Legends : RHP Joe Adelmann
Batting: RHB Tsega Haida 0-0: TRIPLE (Flyball, 9LD, EV 92.5 MPH)
Batting: LHB Justin Rankin 0-0: Called Strike
0-1: SINGLE (Groundball, 6S, EV 95.6 MPH)
Tsega Haida scores
Batting: RHB Willie Gonzales 0-0: Ball
1-0: Ball
2-0: Ball
Justin Rankin steals 2nd base
3-0: Base on Balls
Batting: RHB Adrian Martinelli 0-0: Ball
1-0: Ball
2-0: Called Strike
2-1: Ball
3-1: SINGLE (Line Drive, 56, EV 97.5 MPH)
Justin Rankin to third
Willie Gonzales to second
Batting: RHB Sean Neuroth 0-0: Ball
Wild Pitch!
Justin Rankin scores
Willie Gonzales to third
Adrian Martinelli to second
1-0: DOUBLE (Groundball, 5L, EV 106.2 MPH)
Willie Gonzales scores
Adrian Martinelli scores
Batting: RHB Harris Leroux 0-0: Called Strike
0-1: DOUBLE (Line Drive, 3D, EV 95.0 MPH)
Sean Neuroth scores
Pitching: LHP David Bearden
Batting: RHB Gary Ming 0-0: Foul Ball, location: 2F
0-1: SINGLE (Flyball, 89S, EV 88.8 MPH)
Harris Leroux to third
Batting: RHB Eric Kuck 0-0: Called Strike
0-1: Ball
1-1: Fielders Choice at 2nd, 1-6 (Groundball, 13S, EV 67.5 MPH)
Batting: RHB Knud Prins 0-0: Ball
1-0: Ball
2-0: SINGLE (Groundball, 56D, EV 93.8 MPH)
Harris Leroux scores
Eric Kuck to second
Batting: RHB Tsega Haida 0-0: Ball
1-0: Ball
2-0: Ball
3-0: Called Strike
3-1: Swinging Strike
3-2: Foul Ball, location: 2F
3-2: Base on Balls
Eric Kuck to third
Knud Prins to second
Batting: LHB Justin Rankin 0-0: Ball
1-0: Ball
Wild Pitch!
Eric Kuck scores
Knud Prins to third
Tsega Haida to second
2-0: Ball
3-0: Called Strike
3-1: Base on Balls
Batting: RHB Willie Gonzales 0-0: Foul Ball, location: 2F
0-1: Called Strike
0-2: Foul Ball, location: 2F
0-2: Fly out, F4 (Popup, 4S, EV 87.5 MPH)
Batting: RHB Adrian Martinelli 0-0: Called Strike
0-1: Ball
1-1: Foul Ball, location: 2F
1-2: Foul Ball, location: 2F
1-2: Ball
2-2: Ball
Wild Pitch!
Knud Prins scores
Tsega Haida to third
Justin Rankin to second
3-2: Base on Balls
Batting: RHB Sean Neuroth 0-0: Fly out, F8 (Flyball, 8RXD, EV 85.6 MPH)
Bottom of the 7th over - 8 runs, 7 hits, 0 errors, 3 left on base; Lexington 1 - Lake County 14
TOP OF THE 8TH
Lexington Legends batting - Pitching for Lake County Captains : LHP Darrell Verkaik
Pitching: RHP Gilbert Paparelli
Batting: RHB Ben Garrett 0-0: Foul Ball, location: 2F
0-1: Swinging Strike
0-2: Hit by Pitch
Batting: RHB Nate De Jongh 0-0: Ball
1-0: Foul Ball, location: 2F
1-1: Ball
2-1: Ball
3-1: Foul Ball, location: 2F
3-2: Strikes out swinging
Batting: RHB Kunimatsu Oya 0-0: Called Strike
0-1: Called Strike
0-2: Ball
1-2: Ball
2-2: Ball
3-2: Strikes out swinging
Batting: RHB Eric Erickson 0-0: Ball
1-0: Ball
2-0: Swinging Strike
2-1: Ball
3-1: Called Strike
3-2: Strikes out swinging
Top of the 8th over - 0 runs, 0 hits, 0 errors, 1 left on base; Lexington 1 - Lake County 14
BOTTOM OF THE 8TH
Lake County Captains batting - Pitching for Lexington Legends : LHP David Bearden
Batting: RHB Harris Leroux 0-0: Called Strike
0-1: Ball
1-1: Foul Ball, location: 2F
1-2: Ball
2-2: Ball
3-2: Base on Balls
Batting: RHB Gary Ming 0-0: Ball
1-0: Ball
2-0: Called Strike
2-1: SINGLE (Line Drive, 4D, EV 105.6 MPH)
Harris Leroux to second
Batting: RHB Eric Kuck 0-0: Ball
1-0: Ball
2-0: Ball
3-0: Called Strike
3-1: Base on Balls
Harris Leroux to third
Gary Ming to second
Batting: RHB Knud Prins 0-0: Ball
1-0: Fly out, F8 (Line Drive, 8LM, EV 90.0 MPH)
Batting: RHB Tsega Haida 0-0: Foul Ball, location: 2F
0-1: Ball
1-1: Fly out, F7 (Flyball, 7, EV 93.8 MPH)
Runner from 3rd tags up, SCORES, no throw by LF
Batting: LHB Justin Rankin 0-0: Reached on error, E6 (Groundball, 56, EV 97.5 MPH)
Gary Ming to third
Eric Kuck to second
Batting: RHB Willie Gonzales 0-0: TRIPLE (Line Drive, 78XD, EV 110.0 MPH)
Gary Ming scores
Eric Kuck scores
Justin Rankin scores
Batting: RHB Adrian Martinelli 0-0: 2-RUN HOME RUN (Flyball, 7D, EV 98.8 MPH), Distance : 387 ft
Batting: RHB Sean Neuroth 0-0: Ball
1-0: Called Strike
1-1: Foul Ball, location: 2F
1-2: Strikes out swinging
Bottom of the 8th over - 6 runs, 3 hits, 1 error, 0 left on base; Lexington 1 - Lake County 20
TOP OF THE 9TH
Lexington Legends batting - Pitching for Lake County Captains : RHP Gilbert Paparelli
Batting: SHB Ryoji Hiraoka 0-0: Ball
1-0: Called Strike
1-1: Swinging Strike
1-2: Ball
2-2: Foul Ball, location: 2F
2-2: Foul Ball, location: 2F
2-2: Strikes out swinging
Batting: RHB Doug Carter 0-0: Ball
1-0: Ball
2-0: Ball
3-0: Called Strike
3-1: Foul Ball, location: 2F
3-2: Strikes out swinging
Batting: RHB Andy Urquhart 0-0: Called Strike
0-1: Foul Ball, location: 2F
0-2: Ball
1-2: Ball
2-2: Foul Ball, location: 2F
2-2: Strikes out looking
Top of the 9th over - 0 runs, 0 hits, 0 errors, 0 left on base; Lexington 1 - Lake County 20
Tuesday, September 13th , 2022 - OOTP Baseball 23.7 Build 88